 Dungeon Sprint DCSS version 0.20.1-1-g8b1a95d (webtiles) character file.

3845 wojtek the Bludgeoner (level 9, -3/94 HPs)
             Began as a Minotaur Fighter on Dec 27, 2017.
             Was a High Priest of Trog.
             Slain by a dire elephant (8 damage)
             ... in the Dungeon (Sprint IX: "|||||||||||||||||||||||||||||").
             The game lasted 00:02:57 (735 turns).

wojtek the Bludgeoner (Minotaur Fighter)             Turns: 735, Time: 00:02:58

Health: -3/94      AC: 21    Str: 24    XL:     9   Next: 98%
Magic:  2/2        EV:  7    Int:  5    God:    Trog [*****.]
Gold:   0          SH:  0    Dex: 10    Spells: 8/8 levels left

rFire    . . .     SeeInvis .   a - +0 dire flail (antimagic)
rCold    . . .     Gourm    .   (shield currently unavailable)
rNeg     . . .     Faith    .   v - +0 plate armour
rPois    +         Spirit   .   (helmet restricted)
rElec    .         Reflect  .   r - +0 cloak
rCorr    .         Harm     .   (no gloves)
MR       +++..     NoTele   +   q - +0 pair of boots
Stlth    ..........             (no amulet)
Regen    0.3/turn               l - +2 ring of protection
MPRegen  0.1/turn               y - ring "Fiabb" {rPois MR+++ Stlth+}

@: no status effects
A: retaliatory headbutt, horns 2
a: Berserk, Trog's Hand, Brothers in Arms, Burn Spellbooks, Renounce Religion


You were in the Dungeon.
You worshipped Trog.
Trog was extremely pleased with you.
You were not hungry.

You visited 1 branch

Inventory:

Hand Weapons
 a - a +0 antimagic dire flail (weapon)
 b - a +2 morningstar of crushing
 E - a +0 flail
Armour
 c - a +0 shield
 p - a +0 scale mail
 q - a +0 pair of boots (worn)
 r - a +0 cloak (worn)
 s - a +1 chain mail
 v - a +0 plate armour (worn)
Jewellery
 l - a +2 ring of protection (left hand)
 t - a +2 ring of protection
 y - the ring "Fiabb" (right hand) {rPois MR+++ Stlth+}
   (You found it in the Dungeon)

   [ring of stealth]

   It protects you from poison.
   It affects your resistance to hostile enchantments.
   It makes you more stealthy.
Wands
 o - a wand of acid (7/15)
Scrolls
 k - 2 scrolls of blinking
 n - 4 scrolls of remove curse
 A - a scroll of recharging
 B - a scroll of identify
 C - a scroll of fear
 D - 2 scrolls of enchant armour
Potions
 d - a potion of might
 e - 6 potions of curing
 g - 3 potions of heal wounds
 h - a potion of haste
 i - 4 potions of magic
 j - a potion of berserk rage
 m - a potion of invisibility
 w - 2 potions of brilliance
 x - 2 potions of mutation
Comestibles
 f - a bread ration
 u - 16 chunks of flesh
 z - a royal jelly


   Skills:
 + Level 13.9 Fighting
 * Level 18.3 Maces & Flails
 + Level 13.9 Armour
 - Level 3.6 Shields


You had 8 spell levels left.
You didn't know any spells.

Dungeon Overview and Level Annotations

Branches:
Dungeon (1/1)

Altars:
Cheibriados
Dithmenos
Elyvilon
Fedhas
Gozag
Hepliaklqana
Kikubaaqudgha
Makhleb
Nemelex Xobeh
Okawaru
Qazlal
Ru
Sif Muna
Trog
Uskayaw
Vehumet
Xom
Yredelemnul
Zin
The Shining One
Beogh
Jiyva
Lugonu


Innate Abilities, Weirdness & Mutations

You reflexively headbutt those who attack you in melee.
You have a pair of horns on your head.


Message History

The dire elephant tramples you!!
You stumble backwards!
You hit the dire elephant. You headbutt the dire elephant.
The dire elephant is lightly wounded.
You hit the dire elephant but do no damage.
The dire elephant is lightly wounded.
The dire elephant tramples you!!
You stumble backwards!
You hit the dire elephant but do no damage.
The dire elephant is lightly wounded.
The dire elephant tramples you!
You stumble backwards!
You skewer the dire elephant like a kebab!!!
You headbutt the dire elephant.
The dire elephant is heavily wounded.
You hit the dire elephant. You headbutt the dire elephant.
The dire elephant is heavily wounded.
The dire elephant tramples you!!
* * * LOW HITPOINT WARNING * * *
You stumble backwards!
Your deep troll goes berserk!
You feel quite a bit more hungry. The dire elephant tramples you!
You die...

▓▓▓▓▓▓▓▓▓▓▓▓▓▓▓▓▓▓▓▓▓▓▓▓▓▓▓▓▓▓▓▓▓
.'.....)|?.'____.________________
▓▓▓▓▓▓▓▓▓▓▓▓▓▓▓▓▓▓▓▓▓▓▓▓▓▓▓▓▓▓▓▓▓
.................................
▓▓▓▓▓▓▓▓▓▓▓▓▓▓▓▓▓▓▓▓▓▓▓▓▓▓▓▓▓▓▓▓▓
Y.Y..YY'Y.YY@T†÷.'.........%.
▓▓▓▓▓▓▓▓▓▓▓▓▓▓▓▓▓▓▓▓▓▓▓▓▓▓▓▓▓


You could see a dire elephant, 4 elephants and a friendly deep troll (berserk).

Vanquished Creatures
  A two-headed ogre (D)
  A cyclops (D)
  An elephant (D)
  A komodo dragon (D)
  A troll (D)
  A hippogriff (D)
  2 yaks (D)
  2 water moccasins (D)
  5 porcupines (D)
  An orc warrior (D)
  A phantom (D)
  2 crocodiles (D)
  A centaur (D)
  4 bullfrogs (D)
  A crimson imp (D)
  A hound (D)
  A quasit (D)
  A jelly (D)
  An adder (D)
  An ooze (D)
  3 adder skeletons (D)
  A worm (D)
  A leopard gecko (D)
  A goblin (D)
  A hobgoblin (D)
  A kobold (D)
  A bat (D)
  A leopard gecko skeleton (D)
40 creatures vanquished.

Notes
Turn   | Place    | Note
-------+----------+-------------------------------------------
     0 | D        | wojtek the Minotaur Fighter began the quest for the Orb.
     0 | D        | Reached XP level 1. HP: 19/19 MP: 0/0
     9 | D        | Reached skill level 3 in Maces & Flails
    12 | D        | Reached skill level 4 in Maces & Flails
    18 | D        | Reached XP level 2. HP: 28/28 MP: 1/1
    37 | D        | Noticed a centaur
    42 | D        | Killed a centaur
    42 | D        | Reached skill level 7 in Maces & Flails
    42 | D        | Reached XP level 3. HP: 18/37 MP: 2/2
    42 | D        | Reached XP level 4. HP: 21/44 MP: 3/3
    43 | D        | Reached skill level 8 in Maces & Flails
    52 | D        | Reached skill level 9 in Maces & Flails
    52 | D        | Reached XP level 5. HP: 26/52 MP: 4/4
   207 | D        | Found a roughly hewn altar of Beogh.
   207 | D        | Found a snail-covered altar of Cheibriados.
   207 | D        | Found a shadowy altar of Dithmenos.
   207 | D        | Found a white marble altar of Elyvilon.
   207 | D        | Found a blossoming altar of Fedhas.
   207 | D        | Found an opulent altar of Gozag.
   208 | D        | Found a hazy altar of Hepliaklqana.
   209 | D        | Found a viscous altar of Jiyva.
   210 | D        | Found an ancient bone altar of Kikubaaqudgha.
   211 | D        | Found a corrupted altar of Lugonu.
   212 | D        | Found a burning altar of Makhleb.
   213 | D        | Found a sparkling altar of Nemelex Xobeh.
   214 | D        | Found an iron altar of Okawaru.
   215 | D        | Found a stormy altar of Qazlal.
   216 | D        | Found a sacrificial altar of Ru.
   217 | D        | Found a deep blue altar of Sif Muna.
   218 | D        | Found a bloodstained altar of Trog.
   219 | D        | Found a hide-covered altar of Uskayaw.
   220 | D        | Found a radiant altar of Vehumet.
   222 | D        | Found a shimmering altar of Xom.
   223 | D        | Found a basalt altar of Yredelemnul.
   224 | D        | Found a glowing silver altar of Zin.
   225 | D        | Found a glowing golden altar of the Shining One.
   226 | D        | Became a worshipper of Trog the Wrathful
   277 | D        | Noticed an orc warrior
   277 | D        | Noticed a phantom
   284 | D        | Killed a phantom
   284 | D        | Reached skill level 10 in Maces & Flails
   288 | D        | Reached XP level 6. HP: 62/62 MP: 5/5
   290 | D        | Reached * piety under Trog
   295 | D        | Reached skill level 11 in Maces & Flails
   302 | D        | Killed an orc warrior
   302 | D        | Reached ** piety under Trog
   327 | D        | Noticed a two-headed ogre
   327 | D        | Noticed a cyclops
   327 | D        | Noticed a troll
   333 | D        | Killed a troll
   333 | D        | Reached skill level 10 in Fighting
   333 | D        | Reached skill level 12 in Maces & Flails
   333 | D        | Reached skill level 10 in Armour
   333 | D        | Reached XP level 7. HP: 72/72 MP: 6/6
   338 | D        | Killed a cyclops
   338 | D        | Reached *** piety under Trog
   338 | D        | Reached skill level 14 in Maces & Flails
   338 | D        | Reached XP level 8. HP: 70/82 MP: 7/7
   344 | D        | Killed a two-headed ogre
   344 | D        | Reached skill level 15 in Maces & Flails
   512 | D        | Got the ring "Fiabb" {rPois MR+++ Stlth+}
   527 | D        | Noticed a komodo dragon
   529 | D        | Killed a komodo dragon
   529 | D        | Reached skill level 16 in Maces & Flails
   532 | D        | Reached **** piety under Trog
   532 | D        | Reached XP level 9. HP: 81/91 MP: 8/8
   547 | D        | Reached ***** piety under Trog
   547 | D        | Reached skill level 17 in Maces & Flails
   552 | D        | Received a gift from Trog
   630 | D        | Noticed an elephant
   659 | D        | Killed an elephant
   659 | D        | Reached skill level 18 in Maces & Flails
   723 | D        | Noticed an elephant
   723 | D        | Noticed an elephant
   723 | D        | Noticed an elephant
   723 | D        | Noticed an elephant
   723 | D        | Noticed a dire elephant
   723 | D        | Noticed an elephant
   724 | D        | Noticed an elephant
   733 | D        | HP: 4/94 [dire elephant (30)]
   735 | D        | Slain by a dire elephant

Skill      XL: |  1  2  3  4  5  6  7  8  9 |
---------------+----------------------------+-----
Fighting       | 4 6 7 8 10 11 12 13 | 13.9
Maces & Flails | 4 7 9 10 12 14 16 18 | 18.3
Armour         | 4 6 7 8 10 12 13 | 13.9
Shields        | |  3.6

Action                   |  1- 3 |  4- 6 |  7- 9 || total
-------------------------+-------+-------+-------++-------
Melee: Flail             |    24 |    10 |       ||    34
       Headbutt          |     3 |     6 |    25 ||    34
       Morningstar       |       |    29 |    50 ||    79
       Dire flail        |       |       |    44 ||    44
Invok: Brothers in Arms  |       |       |     1 ||     1
Armor: Scale mail        |     7 |     4 |       ||    11
       Chain mail        |       |    14 |       ||    14
       Plate armour      |       |     4 |    34 ||    38
Dodge: Dodged            |     9 |    10 |    16 ||    35
Block: Shield            |    12 |    17 |    11 ||    40
